 Dungeon Crawl Stone Soup version 0.28.0 (webtiles) character file.

Game seed: 6862755615077793042

5520 Dirian the Carver (level 10, 0/94 HPs)
             Began as a Minotaur Fighter on Feb 9, 2022.
             Was a Priest of Okawaru.
             Killed from afar by Erica (17 damage)
             ... with a bolt of poison
             ... on level 9 of the Dungeon.
             The game lasted 00:13:37 (8396 turns).

Dirian the Carver (Minotaur Fighter)                Turns: 8396, Time: 00:13:38

Health: 0/94       AC: 13    Str: 20    XL:     10   Next: 43%
Magic:  14/14      EV:  7    Int:  5    God:    Okawaru [***...]
Gold:   443        SH:  6    Dex: 15    Spells: 9/9 levels left

rFire   . . .      SeeInvis .   a - +1 long sword
rCold   . . .      Faith    .   c - +1 buckler
rNeg    + . .      Spirit   .   t - +0 chain mail
rPois   .          Reflect  .   u - +1 hat
rElec   .          Harm     .   f - +0 cloak
rCorr   .          Rampage  .   g - +0 pair of gloves
Will    .....                   (no boots)
Stlth   ..........              i - amulet of the acrobat
HPRegen 0.25/turn               j - ring of positive energy
MPRegen 0.14/turn               (no ring)

@: lethally poisoned (0 -> -18), hasted, very quick
A: horns 2, retaliatory headbutt
a: Renounce Religion, Heroism


You were on level 9 of the Dungeon.
You worshipped Okawaru.
Okawaru was most pleased with you.
You visited 2 branches of the dungeon, and saw 10 of its levels.
You also visited: Ossuary.

You collected 443 gold pieces.

Inventory:

Hand Weapons
 a - a +1 long sword (weapon)
 s - a +0 long sword
Armour
 c - a +1 buckler (worn)
 f - a +0 cloak (worn)
 g - a +0 pair of gloves (worn)
 t - a +0 chain mail (worn)
 u - a +1 hat (worn)
Jewellery
 i - an amulet of the acrobat (around neck)
 j - a ring of positive energy (left hand)
Wands
 l - a wand of paralysis (27)
 m - a wand of flame (14)
 v - a wand of digging (1)
 x - a wand of polymorph (4)
Scrolls
 b - a scroll of enchant weapon
 d - 3 scrolls of magic mapping
 e - 2 scrolls of enchant armour
 o - 5 scrolls of fear
 r - 4 scrolls of identify
Potions
 h - a potion of haste
 k - a potion of ambrosia
 n - 3 potions of magic
 p - 4 potions of flight
 w - a potion of heal wounds


   Skills:
 + Level 10.7 Fighting
 - Level 12.0 Long Blades
 - Level 5.0 Armour
 - Level 5.0 Shields
 * Level 7.7 Invocations


You had 9 spell levels left.
You didn't know any spells.
Your spell library contained the following spells:

 Spells                   Type           Power      Damage    Failure   Level
 Conjure Flame            Conj/Fire      0%         6-21      100%        3
 Ignite Poison            Fire/Tmut/Pois 0%         N/A       100%        3
 Sticky Flame             Conj/Fire      0%         2d3       100%        4


Dungeon Overview and Level Annotations

Branches:
Dungeon (9/15)             Temple (1/1) D:5         Ossuary (visited)
   Lair: D:8-11         Orc: D:9-12

Altars:
Ashenzari
Cheibriados
Dithmenos
Elyvilon
Fedhas
Gozag
Hepliaklqana
Kikubaaqudgha
Makhleb
Nemelex Xobeh
Okawaru
Qazlal
Ru
Sif Muna
Trog
Uskayaw
Vehumet
Wu Jian
Xom
Yredelemnul
Zin
The Shining One

Shops:
D:2 ?

Annotations:
D:3 2 transporters
D:9 Erica


Innate Abilities, Weirdness & Mutations

You have a pair of horns on your head.
You reflexively headbutt those who attack you in melee.


Message History

You feel much better.
You feel very sick. Something hits you. Something burns you.
You slash something!
You feel sick.
You slash something!
You feel sick. Something hits you.
* * * LOW HITPOINT WARNING * * *
Something burns you.
* * * LOW HITPOINT WARNING * * *
You barely miss something.
You feel sick.
You completely miss something. Your headbutt misses something.
You feel sick.
You hear some strange, mumbled words.
A bolt of poison appears from out of thin air!
The bolt of poison hits you!
You are more poisoned.
* * * LOW HITPOINT WARNING * * *
You hit something.
* * * LOW HITPOINT WARNING * * *
You feel sick.
You miss something. Your headbutt misses something.
* * * LOW HITPOINT WARNING * * *
You feel sick. Something hits you but does no damage.
You miss something.
* * * LOW HITPOINT WARNING * * *
You feel very sick.
You feel much better.
You feel sick. Something hits you.
* * * LOW HITPOINT WARNING * * *
Something burns you.
* * * LOW HITPOINT WARNING * * *
You closely miss something. Your headbutt misses something.
You feel sick. Something hits you.
* * * LOW HITPOINT WARNING * * *
Something burns you.
* * * LOW HITPOINT WARNING * * *
You hit something.
You feel sick.
You hit something.
You feel sick.
You hear some strange, mumbled words.
A bolt of poison appears from out of thin air!
The bolt of poison hits you!
You are lethally poisoned!
You die...

.. $.#.#### .#....
.....# # ....#.#
......
...#########†.####.#
..(.....@{..†......#
....########..#####
. .............#
#.........####
#.##........
.....@.####
.##.....# . #......
.......


There were no monsters in sight!

Vanquished Creatures
  Pikel (D:5)
  A cyclops (D:8)
  Joseph (D:7)
  A hornet (D:8)
  Sigmund (D:4)
  Eustachio (D:4)
  3 water moccasins
  An acid dragon (D:8)
  2 sky beasts
  An orc warrior (D:6)
  A black bear (D:7)
  3 necrophages
  2 ogres
  2 centaurs
  A lemure (D:5)
  2 elf zombies (Ossuary)
  Blork the orc (D:5)
  A water moccasin zombie (D:6)
  2 bullfrogs
  3 wyvern zombies (D:6)
  2 water moccasin skeletons
  3 vampire bats (D:7)
  3 wights (D:4)
  7 howler monkeys
  4 crimson imps (D:5)
  8 bullfrog zombies
  3 centaur skeletons
  4 centaur zombies
  A hound (D:6)
  2 jellies
  4 iguanas
  4 bullfrog skeletons
  2 human zombies (Ossuary)
  2 orc wizards (D:6)
  A killer bee zombie (D:5)
  A hound skeleton (D:4)
  3 hound zombies
  4 mummies (Ossuary)
  A howler monkey zombie (D:6)
  6 adders
  3 gnolls (D:5)
  A howler monkey skeleton (D:6)
  A white imp (D:6)
  An adder zombie (Ossuary)
  2 worms
  12 orcs
  3 bat skeletons (D:7)
  A bat zombie (D:7)
  2 endoplasms (D:3)
  3 giant cockroaches
  4 goblins
  5 hobgoblins
  3 quokkas
  7 ball pythons
  3 bats
  A frilled lizard (D:1)
  2 gnoll zombies (Ossuary)
  4 kobolds
  A kobold zombie (Ossuary)
  2 orc zombies (Ossuary)
  A rat (D:1)
158 creatures vanquished.

Vanquished Creatures (others)
  A plant (D:5)
  3 withered plants (D:6)
4 creatures vanquished.

Grand Total: 162 creatures vanquished

Notes
Turn   | Place    | Note
-------+----------+-------------------------------------------
     0 | D:1      | Dirian the Minotaur Fighter began the quest for the Orb.
     0 | D:1      | Reached XP level 1. HP: 19/19 MP: 0/0
   415 | D:1      | Reached XP level 2. HP: 23/27 MP: 1/1
   593 | D:1      | Reached skill level 3 in Long Blades
   599 | D:1      | Found a faded altar of an unknown god.
   750 | D:2      | Found Uvoric's Magic Scroll Boutique.
   874 | D:2      | Reached XP level 3. HP: 27/33 MP: 2/2
  1397 | D:3      | Found a transporter.
  1398 | D:3      | Found a transporter.
  1701 | D:3      | Reached XP level 4. HP: 40/40 MP: 3/3
  1902 | D:3      | Found a broken altar of Ashenzari.
  1913 | D:3      | Reached skill level 4 in Long Blades
  1961 | D:3      | Found a basalt altar of Yredelemnul.
  1962 | D:3      | Found a hide-covered altar of Uskayaw.
  1966 | D:3      | Found a bloodstained altar of Trog.
  2048 | D:4      | Noticed Eustachio
  2322 | D:4      | Killed Eustachio
  2323 | D:4      | Reached skill level 5 in Long Blades
  2323 | D:4      | Reached XP level 5. HP: 16/47 MP: 4/4
  2655 | D:4      | Reached skill level 5 in Shields
  2655 | D:4      | Reached XP level 6. HP: 53/55 MP: 5/5
  2721 | D:4      | Reached skill level 5 in Fighting
  2721 | D:4      | Reached skill level 5 in Armour
  3162 | D:4      | Reached skill level 6 in Long Blades
  3399 | D:4      | Noticed Sigmund
  3408 | D:4      | Killed Sigmund
  3409 | D:4      | Reached skill level 7 in Long Blades
  3409 | D:4      | Reached XP level 7. HP: 42/62 MP: 6/6
  3584 | D:5      | Entered Level 5 of the Dungeon
  3593 | D:5      | Noticed Pikel
  3605 | D:5      | Killed Pikel
  3606 | D:5      | Reached skill level 9 in Long Blades
  3606 | D:5      | Reached XP level 8. HP: 44/73 MP: 7/7
  3694 | D:5      | Found a shimmering altar of Xom.
  3728 | D:5      | Found a staircase to the Ecumenical Temple.
  3829 | D:5      | Noticed Blork the orc
  3835 | D:5      | Killed Blork the orc
  3836 | D:5      | Reached skill level 10 in Long Blades
  3860 | D:5      | Found a sand-covered staircase.
  3877 | Ossuary  | Entered an ossuary
  4390 | D:5      | Reached skill level 11 in Long Blades
  4561 | D:5      | Reached XP level 9. HP: 82/82 MP: 8/8
  4716 | Temple   | Entered the Ecumenical Temple
  4853 | Temple   | Became a worshipper of Warmaster Okawaru
  5094 | D:6      | Reached skill level 1 in Invocations
  5692 | D:6      | Reached * piety under Okawaru
  5933 | D:6      | Reached skill level 12 in Long Blades
  6299 | D:6      | Reached skill level 5 in Invocations
  6556 | D:7      | Noticed Joseph
  6566 | D:7      | Killed Joseph
  6566 | D:7      | Reached ** piety under Okawaru
  6788 | D:7      | Reached XP level 10. HP: 93/93 MP: 13/13
  6988 | D:7      | Reached skill level 10 in Fighting
  7065 | D:7      | Found an ancient bone altar of Kikubaaqudgha.
  7342 | D:8      | Paralysed by a hornet for 3 turns
  7651 | D:8      | Noticed a cyclops
  7665 | D:8      | Killed a cyclops
  7665 | D:8      | Reached *** piety under Okawaru
  8364 | D:9      | Noticed Erica
  8396 | D:9      | Killed from afar by Erica

Illustrated notes

Levels and vault maps discovered:
D:1:      dpeg_arrival_round_b, layout_loops_ring,
          chequers_ecumenical_altar_lobes
D:2:      layout_basic, serial_shops, shop_coins
D:3:      gammafunk_wand_slinger, layout_basic, minitemple
D:4:      layout_loops_ring, uniq_eustachio, uniq_sigmund
D:5:      layout_loops_ring, led_xom_imps, minmay_temple_entry_gardened_gates,
          enter_ossuary_1, uniq_pikel, uniq_blork_the_orc
D:6:      layout_basic, serial_undead, serial_undead_d, serial_undead_c,
          serial_undead_f, serial_undead_a, serial_undead_c, serial_undead_b
D:7:      layout_loops_cross, kennysheep_vampire_church, uniq_joseph
D:8:      layout_cave_pools
D:9:      layout_basic, minivault_19, uniq_erica
Temple:   nicolae_temple_elliptical

Skill      XL: |  1  2  3  4  5  6  7  8  9 10 |
---------------+-------------------------------+-----
Long Blades    | 3 5 7 9 11 12 | 12.0
Fighting       | 4 5 7 8 9 10 | 10.7
Armour         | 4 5 |  5.0
Shields        | 4 5 |  5.0
Invocations    | 5 7 |  7.7

Action                   |  1- 3 |  4- 6 |  7- 9 | 10-12 || total
-------------------------+-------+-------+-------+-------++-------
Melee: Long sword        |    62 |    94 |   330 |   127 ||   613
       Headbutt          |    10 |    15 |    88 |    24 ||   137
  Use: Scroll            |       |    10 |     6 |     2 ||    18
       Potion            |       |     1 |     1 |     5 ||     7
Armor: Scale mail        |    21 |    41 |    92 |       ||   154
       Chain mail        |       |       |     5 |    60 ||    65
Dodge: Dodged            |    31 |    51 |   118 |    52 ||   252
Block: Buckler           |    14 |    42 |    75 |    29 ||   160
